 Dungeon Crawl Stone Soup version 0.30.0-5-g1a98f26d00 (webtiles) character file.

Game seed: 17309716305967584955

753 oldriver the Chopper (level 7, -3/44 HPs)
             Began as a Gargoyle Fighter on May 13, 2023.
             Was an Initiate of Okawaru.
             Slain by an ogre
             ... wielding a +0 giant spiked club
              (11 damage)
             ... on level 6 of the Dungeon.
             The game lasted 00:07:31 (4458 turns).

oldriver the Chopper (Gargoyle Fighter)             Turns: 4458, Time: 00:07:31

Health: -3/44      AC: 16    Str: 22    XL:     7   Next: 79%
Magic:  7/7        EV:  8    Int:  5    God:    Okawaru [......]
Gold:   287        SH:  4    Dex:  6    Spells: 6/6 levels left

rFire   . . .        a - +1 war axe
rCold   + + .        c - +0 buckler
rNeg    + + .        w - +0 chain mail
rPois   ∞            (no helmet)
rElec   +            (no cloak)
rCorr   .            (no gloves)
SInv    .            v - +1 pair of boots of the Vacuum {Fly rPois rN+ Int-3}
Will    .....        g - amulet of Ryegiacw {Fly rC++ Regen+ Dex-3 Slay+2} Stlth
                     (no ring)
HPRegen 1.07/turn    (no ring)
MPRegen 0.10/turn

%: no passive effects
@: flying, studying Long Blades
A: sickness immunity, AC +4, negative energy resistance 1, electricity
resistance, torment resistance 1, petrification resistance
a: Renounce Religion


You were on level 6 of the Dungeon.
You worshipped Okawaru.
Okawaru was noncommittal.
You visited 2 branches of the dungeon, and saw 7 of its levels.

You collected 287 gold pieces.

Inventory:

Hand Weapons
 a - a +1 war axe (weapon)
Missiles
 j - 8 poisoned darts (quivered)
Armour
 c - a +0 buckler (worn)
 v - the +1 pair of boots of the Vacuum (worn) {Fly rPois rN+ Int-3}
   (You found it on level 4 of the Dungeon)

   Int:       It affects your intelligence (-3).
   rPois:     It protects you from poison.
   rN:        It protects you from negative energy.
   Fly:       It grants you flight.
 w - a +0 chain mail (worn)
Jewellery
 g - the amulet of Ryegiacw (around neck) {Fly rC++ Regen+ Dex-3 Slay+2}
   (You acquired it on level 4 of the Dungeon)

   [amulet of regeneration]

   Dex:       It affects your dexterity (-3).
   Slay:      It affects your accuracy & damage with ranged weapons and melee
   (+2).
   rC:        It greatly protects you from cold.
   Fly:       It grants you flight.
   Regen:     It increases your rate of health regeneration.
Wands
 u - a wand of polymorph (8)
Scrolls
 e - a scroll of silence
 h - a scroll of vulnerability
 l - 2 scrolls of amnesia
 r - a scroll of brand weapon {unknown}
Potions
 d - 3 potions of might
 f - a potion of flight
 i - a potion of ambrosia
 k - 3 potions of curing
 m - a potion of resistance {unknown}
 n - a potion of attraction {unknown}
 p - a potion of heal wounds {unknown}
 q - a potion of cancellation {unknown}
 s - a potion of lignification {unknown}
 t - a potion of berserk rage {unknown}


   Skills:
 + Level 5.4 Fighting
 * Level 5.4 Axes
 - Level 4.0 Armour
 - Level 4.0 Stealth
 - Level 4.0 Shields


You had 6 spell levels left.
You didn't know any spells.
Your spell library contained the following spells:

 Spells                   Type           Power      Damage    Failure   Level
 Apportation              Tloc           0%         N/A       99%         1
 Sandblast                Erth           0%         2d4       99%         1
 Slow                     Hex            0%         N/A       99%         1
 Passwall                 Tmut/Erth      0%         N/A       99%         2
 Confusing Touch          Hex            0%         N/A       100%        3
 Stone Arrow              Conj/Erth      0%         3d7       100%        3
 Vampiric Draining        Necr           0%         2d6       100%        3
 Alistair's Intoxication  Tmut/Pois      0%         N/A       100%        5


Dungeon Overview and Level Annotations

Branches:
Dungeon (6/15)             Temple (1/1) D:4

Altars:
Cheibriados
Elyvilon
Gozag
Hepliaklqana
Makhleb
Nemelex Xobeh
Okawaru
Ru
Sif Muna
Trog
Uskayaw
Wu Jian
The Shining One


Innate Abilities, Weirdness & Mutations

You are immune to sickness and miasma.
Your stone body is resilient. (AC +4)
You are immune to poison.
You resist negative energy. (rN+)
You are resistant to electric shocks. (rElec)
You are resistant to unholy torment.
You are immune to petrification.


Message History

Training target 4.0 for Armour reached!
Training target 4.0 for Shields reached!
Your Armour skill increases to level 4!
Your Shields skill increases to level 4!
There is a stone staircase leading down here.
You see here a +0 chain mail.
w - a +0 chain mail You start removing your armour.
You continue taking off your +0 scale mail. x4
You finish taking off your +0 scale mail.
You start putting on your armour.
You continue putting on your +0 chain mail. x5
You finish putting on your +0 chain mail.
Unknown command.
You drop a +0 scale mail.
As you read the scroll labelled JERCHO TAUCEY, it crumbles to dust.
It is a scroll of enchant weapon.
Your +0 war axe glows red for a moment.
Search for what [Enter for "aux", or ? for help]? ego
There is a stone staircase leading down here.
You fly downwards.
The ogre barely misses you.
There is a stone staircase leading up here.
An ogre is nearby!
You barely miss the ogre. The ogre hits you but does no damage.
You barely miss the ogre. The ogre closely misses you.
You barely miss the ogre.
The ogre hits you with a +0 giant spiked club!
You barely miss the ogre. You slash the ogre!
The ogre is heavily wounded.
You block the ogre's attack.
You hit the ogre.
The ogre is severely wounded.
The ogre hits you with a +0 giant spiked club!!
Ouch! That really hurt!
* * * LOW HITPOINT WARNING * * *
You hit the ogre.
The ogre is almost dead.
The ogre hits you with a +0 giant spiked club!
You die...

....#############...( ..
........$..........(.
... #.............##...[
....#.............# ..#
...#............#######
......................
#.............#####
#####.............####
......O@.............#
.....................#
.....................#
.....................###
........................
.....................##.
.....................##.
.....................##.
...........###


You could see an ogre.

Vanquished Creatures
  An ice beast (D:6)
  An ogre (D:5)
  2 scorpions
  A howler monkey (D:5)
  A jelly (D:6)
  A gnoll bouda (D:5)
  A hound (D:5)
  2 sleepcaps
  2 iguanas
  3 orc wizards
  2 gnolls (D:6)
  4 adders
  A shadow imp (D:5)
  A white imp (D:5)
  A worm (D:3)
  4 dart slugs
  6 orcs
  8 endoplasms
  4 giant cockroaches
  8 goblins
  8 hobgoblins
  4 jackals (D:4)
  A quokka (D:4)
  6 ball pythons
  8 bats
  6 frilled lizards
  2 goblin skeletons (D:5)
  A goblin zombie (D:5)
  4 hobgoblin zombies (D:5)
  7 kobolds
  An orc zombie (D:5)
  3 rats
105 creatures vanquished.

Notes
Turn   | Place    | Note
-------+----------+-------------------------------------------
     0 | D:1      | oldriver the Gargoyle Fighter began the quest for the Orb.
     0 | D:1      | Reached XP level 1. HP: 14/14 MP: 1/1
   291 | D:1      | Reached XP level 2. HP: 19/19 MP: 2/2
   385 | D:1      | Reached skill level 1 in Stealth
   922 | D:2      | Reached XP level 3. HP: 23/23 MP: 3/3
  1349 | D:2      | Found a faded altar of an unknown god.
  1441 | D:2      | Reached XP level 4. HP: 28/29 MP: 4/4
  1829 | D:3      | Reached XP level 5. HP: 22/33 MP: 5/5
  1964 | D:3      | Noticed an ogre
  1995 | D:4      | Found a hide-covered altar of Uskayaw.
  2063 | D:4      | Found a bloodstained altar of Trog.
  2357 | D:4      | Identified the +1 pair of boots of the Vacuum {Fly rPois
                  | rN+ Int-3}
  2385 | D:4      | Found a staircase to the Ecumenical Temple.
  2499 | Temple   | Entered the Ecumenical Temple
  3295 | D:4      | Identified a scroll of acquirement
  3295 | D:4      | Acquired the amulet of Ryegiacw {Fly rC++ Regen+ Dex-3
                  | Slay+2}
  3355 | D:5      | Entered Level 5 of the Dungeon
  3356 | D:5      | Found a sparkling altar of Nemelex Xobeh.
  3357 | D:5      | Found an opulent altar of Gozag.
  3373 | D:4      | Reached XP level 6. HP: 39/39 MP: 6/6
  3557 | D:5      | Found an iron altar of Okawaru.
  3611 | D:5      | Became a worshipper of Warmaster Okawaru
  3619 | D:5      | Reached skill level 5 in Fighting
  3656 | D:5      | Found a burning altar of Makhleb.
  3684 | D:5      | Reached XP level 7. HP: 44/44 MP: 7/7
  3684 | D:5      | Found a glowing golden altar of the Shining One.
  4033 | D:6      | Reached skill level 5 in Axes
  4111 | D:6      | Noticed a steam dragon
  4458 | D:6      | Slain by an ogre

Illustrated notes

Levels and vault maps discovered:
D:1:      mrwooster_arrival_statue_2, layout_loops_corners,
          minmay_tree_intersection, amcnicky_mini_corridor_feature
D:2:      layout_loops_cross, chequers_ecumenical_altar_simple
D:3:      layout_basic, minivault_5, uniq_natasha
D:4:      layout_basic, mainiacjoe_overflow_concentric_impassable,
          amcnicky_altar_gilded, minmay_temple_entry_enclosed_plants
D:5:      layout_loops_cross, grunt_temple_overflow_opulence,
          nicolae_tso_besieged_by_evil, okawaru_gym_becter,
          mainiacjoe_overflow_small_starburst
D:6:      layout_basic, tgw_xom
Temple:   nicolae_temple_ecumenical_triangle

Skill      XL: |  1  2  3  4  5  6  7 |
---------------+----------------------+-----
Axes           | 2 3 4 5 |  5.4
Stealth        | 1 2 3 4 |  4.0
Fighting       | 4 5 |  5.4
Armour         | 4 |  4.0
Shields        | 4 |  4.0

Action                     |  1- 3 |  4- 6 |  7- 9 || total
---------------------------+-------+-------+-------++-------
  Melee: War axe           |   154 |   156 |    68 ||   378
  Throw: Dart              |       |     3 |     3 ||     6
    Use: Potion            |       |     3 |       ||     3
         Scroll            |       |    11 |     3 ||    14
 Armour: Scale mail        |    96 |   103 |    43 ||   242
         Chain mail        |       |       |     1 ||     1
  Dodge: Dodged            |    66 |    79 |    27 ||   172
  Block: Buckler           |    27 |    28 |    16 ||    71
